AoeStats
← Lord RDB

Glade

510393405Analyzed
1v1 RM · 5h ago on Sep 30, 2026· 46m 5s· 2 players
Game mode
Random Map
Map size
Tiny (2 player)
Population
200
Speed
Normal
Resources
Standard
Victory
Conquest
Starting age
Dark Age
Ending age
Imperial Age
RankedLock teamsTeams togetherTeam positionsShared explorationLock speedFull tech treeHidden civsTurbo modeCheats
Victory
Defeat
🇦🇪 Persians · United Arab Emirates
1381
+14
1341
-14
Risk-adjusted Return 96
3:23 Loom
12:28 Feudal Age
16:44 Castle Age
14:35 Double-Bit Axe
14:40 Horse Collar
15:38 Gold Mining
18:37 Heavy Plow
18:53 Bow Saw
19:04 Fletching
20:29 Crossbowman
23:42 Scale Barding Armor
24:23 Bodkin Arrow
27:32 Forging
31:45 Chain Barding Armor
33:07 Wheelbarrow
33:16 Town Watch
38:54 Iron Casting
41:37 Husbandry
Lord RDB
10:29 Feudal Age
11:22 Double-Bit Axe
17:32 Castle Age
15:20 Loom
16:29 Fletching
17:05 Gold Mining
17:35 Scale Barding Armor
17:50 Bloodlines
17:56 Bodkin Arrow
17:37 Elite Skirmisher
19:07 Padded Archer Armor
23:07 Horse Collar
26:38 Chain Barding Armor
29:49 Bow Saw
30:20 Town Watch
33:02 Wheelbarrow
36:22 Hand Cart
36:08 Town Patrol
40:23 Imperial Age
38:52 Leather Archer Armor
38:48 Forging
38:52 Heavy Plow
40:53 Murder Holes
41:19 Ballistics
42:00 Chemistry
40:46 Heavy Camel Rider
40:50 Cavalier
41:31 Husbandry
42:07 Plate Barding Armor
42:08 Iron Casting
42:07 Crop Rotation
42:40 Two-Man Saw
Connection lost

Rejoining the realm…

Still unreachable

The connection could not be restored.

Session expired

The server has moved on; the page needs a fresh start.